AoeStats
← darador86

Arabia

506749776Analyzed
1v1 RM · 19d ago on Sep 15, 2026· 25m 5s· 2 players
Game mode
Random Map
Map size
Tiny (2 player)
Population
200
Speed
Normal
Resources
Standard
Victory
Conquest
Starting age
Dark Age
Ending age
Imperial Age
RankedLock teamsTeams togetherTeam positionsShared explorationLock speedFull tech treeHidden civsTurbo modeCheats
Victory
Defeat
🇦🇷 Chinese · Argentina
486
+6
🇳🇮 Byzantines · Nicaragua
230
-6
mauriciojosemoraga2
9:32 Loom
12:30 Feudal Age
18:33 Double-Bit Axe
19:41 Forging
26:08 Castle Age
25:11 Fletching
darador86
14:17 Feudal Age
15:15 Gold Mining
15:15 Stone Mining
15:24 Double-Bit Axe
16:50 Horse Collar
20:26 Bloodlines
22:32 Castle Age
23:44 Pikeman
23:51 Crossbowman
23:52 Elite Skirmisher
25:11 Squires
25:21 Husbandry
24:43 Light Cavalry
25:34 Bloodlines
Connection lost

Rejoining the realm…

Still unreachable

The connection could not be restored.

Session expired

The server has moved on; the page needs a fresh start.